 Dungeon Crawl Stone Soup version 0.30-a0-263-ge22c4ad894 (webtiles) character file.

Game seed: 11734493388328417179

8407 mopl the Destroyer (level 11, -4/68 HPs)
             Began as an Octopode Hedge Wizard on Oct 13, 2022.
             Was a Believer of Vehumet.
             Slain by a troll (10 damage)
             ... on level 10 of the Dungeon.
             The game lasted 00:32:22 (11337 turns).

mopl the Destroyer (Octopode Hedge Wizard)         Turns: 11337, Time: 00:32:23

Health: -4/68      AC:  1    Str:  9    XL:     11   Next: 30%
Magic:  31/32      EV: 13    Int: 20    God:    Vehumet [**....]
Gold:   321        SH: 12    Dex: 19    Spells: 9/26 levels left

rFire   . . .      SeeInvis .    a - +2 dagger (elec)
rCold   . . .      Faith    .    D - +2 kite shield
rNeg    + . .      Spirit   .    b - +0 hat
rPois   +          Reflect  .    (no amulet)
rElec   .          Harm     .    d - ring of willpower
rCorr   .          Rampage  .    p - +6 ring of dexterity
Will    ++...                    y - ring of poison resistance
Stlth   +++.......               F - ring of willpower
HPRegen 0.31/turn                G - ring of magical power
MPRegen 0.23/turn                O - ring of positive energy
                                 (no ring)
                                 (no ring)

@: no status effects
A: almost no armour, amphibious, 8 rings, camouflage 1, gelatinous body 1,
(nimble swimmer 1), tentacles
a: Renounce Religion


You were on level 10 of the Dungeon.
You worshipped Vehumet.
Vehumet was pleased with you.
You visited 2 branches of the dungeon, and saw 11 of its levels.

You collected 623 gold pieces.
You spent 302 gold pieces at shops.

Inventory:

Hand Weapons
 a - a +2 dagger of electrocution (weapon)
 E - a +2 dagger of venom
 L - a +7 spear of freezing
Missiles
 v - 19 poisoned darts
 x - 2 throwing nets
 M - 4 datura-tipped darts
Armour
 b - a +0 hat (worn)
 D - a +2 kite shield (worn)
Magical Staves
 B - a staff of poison
 C - a staff of fire
Jewellery
 d - a ring of willpower (left tentacle)
 p - a +6 ring of dexterity (right tentacle)
 y - a ring of poison resistance (on tentacle)
 F - a ring of willpower (on tentacle)
 G - a ring of magical power (on tentacle)
 O - a ring of positive energy (on tentacle)
Wands
 I - a wand of flame (7)
 J - a wand of charming (9)
 N - a wand of light (4)
Scrolls
 e - a scroll of butterflies {unknown}
 f - 2 scrolls of acquirement {unknown}
 h - 2 scrolls of magic mapping {unknown}
 i - a scroll of torment {unknown}
 j - 3 scrolls of blinking {unknown}
 l - 2 scrolls of noise {unknown}
 r - a scroll of amnesia {unknown}
 s - 2 scrolls of immolation {unknown}
 t - 2 scrolls of enchant armour {unknown}
 z - a scroll of teleportation {unknown}
 A - a scroll of enchant weapon {unknown}
Potions
 c - 2 potions of magic
 g - 7 potions of curing
 k - a potion of cancellation
 m - 3 potions of brilliance
 n - 2 potions of lignification {!q}
 o - 2 potions of haste
 q - a potion of might
 u - a potion of heal wounds
 w - 3 potions of invisibility
 H - 2 potions of flight {unknown}
Miscellaneous
 K - a condenser vane (inert)


   Skills:
 + Level 3.7 Fighting
 + Level 4.2 Dodging
 - Level 2.6 Stealth
 * Level 5.4 Shields
 + Level 8.2 Spellcasting
 * Level 9.2 Conjurations
 - Level 3.0 Summonings
 - Level 3.0 Translocations
 - Level 5.0 Transmutations
 + Level 3.9 Air Magic
 - Level 4.0 Poison Magic
 + Level 3.2 Evocations


You had 9 spell levels left.
You knew the following spells:

 Your Spells              Type           Power      Damage    Failure   Level
a - Magic Dart            Conj           100%       1d8       1%          1
b - Call Imp              Summ           20%        N/A       11%         2
c - Mephitic Cloud        Conj/Pois/Air  31%        N/A       7%          3
e - Blink                 Tloc           40%        N/A       11%         2
f - Airstrike             Air            11%        2d(2-18)  43%         4
i - Irradiate             Conj/Tmut      18%        3d17      34%         5

Your spell library contained the following spells:

 Spells                   Type           Power      Damage    Failure   Level
 Static Discharge         Conj/Air       68%        2-5/arc   2%          2
 Shock                    Conj/Air       100%       1d9       1%          1
 Apportation              Tloc           40%        N/A       7%          1
 Summon Small Mammal      Summ           80%        N/A       7%          1
 Cigotuvi's Dreadful Rot  Necr/Pois/Air  36%        N/A       12%         2
 Swiftness                Air            23%        N/A       14%         3
 Necrotise                Necr           32%        1d5       24%         1
 Slow                     Hex            32%        N/A       24%         1
 Sublimation of Blood     Necr           8%         N/A       34%         2
 Ozocubu's Armour         Ice            8%         N/A       56%         3
 Petrify                  Tmut/Erth      18%        N/A       63%         4
 Ozocubu's Refrigeration  Ice            4%         4d8       100%        7


Dungeon Overview and Level Annotations

Branches:
Dungeon (10/15)            Temple (1/1) D:6            Lair (0/5) D:10
    Orc (0/2) D:10

Altars:
Ashenzari
Cheibriados
Dithmenos
Fedhas
Gozag
Hepliaklqana
Kikubaaqudgha
Makhleb
Nemelex Xobeh
Okawaru
Qazlal
Ru
Sif Muna
Uskayaw
Vehumet
Wu Jian
The Shining One

Shops:
D:4 (   D:5 !   D:7 **(


Innate Abilities, Weirdness & Mutations

You cannot wear most types of armour.
You are amphibious.
You can wear up to eight rings at the same time.
Your skin changes colour to match your surroundings (Stealth+).
Your rubbery body absorbs attacks. (AC +1, EV +1)
((You are camouflaged when in or above water. (Stealth+)))
You have tentacles for arms and can constrict up to eight enemies at once.


Message History

The stinking cloud engulfs the troll but does no damage.
The stinking cloud engulfs you but does no damage.
The troll is engulfed in noxious fumes.
The troll appears confused.
A yak comes into view.
The orc wizard is engulfed in noxious fumes.
The orc wizard appears confused.
The orc wizard hits the troll but does no damage.
Unknown command.
You hit the orc wizard but do no damage.
You grab the orc wizard.
The orc wizard is heavily wounded.
You constrict the orc wizard.
The troll is engulfed in noxious fumes.
The troll appears confused.
The orc wizard is engulfed in noxious fumes.
The orc wizard appears confused.
You block the orc wizard's attack.
You hit the orc wizard.
You tentacle-slap the orc wizard, but do no damage.
The orc wizard is almost dead.
You constrict the orc wizard.
You kill the orc wizard!
Vehumet accepts your kill.
You feel your power returning.
The troll is engulfed in noxious fumes. x2
The troll appears confused.
The troll bites you! You block the troll's attack.
The troll closely misses you.
The yak is engulfed in noxious fumes.
The yak appears confused.
You barely miss the troll. You block the troll's attack.
The troll barely misses you. You block the troll's attack.
Unknown command.
You barely miss the troll.
The troll laughs at nothing.
The troll bites you!
* * * LOW HITPOINT WARNING * * *
The troll misses you. x2
Unknown command.
You hit the troll. Lightning courses through the troll!
The troll is heavily wounded.
You block the troll's attack. The troll claws you!
* * * LOW HITPOINT WARNING * * *
The troll claws you!
You die...

#### ######
###..####....#####
..........#.....@#
.###.####.).###T.#
#...##...###.)#.#
#.#....###..Y[#.#
##....###...##.#.#
#...###...# #)#.#
..### .# ..#.. ###
##.#.. # #.#..


You could see a yak (confused) and a troll (confused).

Vanquished Creatures
  An orc knight (D:10)
  A manticore (D:10)
  An elephant (D:10)
  Joseph (D:9)
  A hornet (D:6)
  6 yaks (D:9)
  2 wyverns (D:9)
  A basilisk (D:10)
  2 steam dragons
  A water moccasin (D:9)
  7 orc warriors
  A sky beast (D:7)
  A black bear (D:9)
  2 centaurs
  5 bullfrogs
  2 kobold brigands (D:8)
  3 necrophages
  5 gnoll sergeants
  6 killer bees (D:9)
  2 howler monkeys
  8 hounds
  2 jellies (D:5)
  A gnoll bouda (D:9)
  12 orc priests
  2 iguanas
  17 orc wizards
  16 adders
  40 gnolls
  2 white imps (D:7)
  3 worms (D:2)
  5 dart slugs
  73 orcs
  4 ball pythons
  6 bats
  9 endoplasms
  8 giant cockroaches
  5 goblins
  14 hobgoblins
  4 jackals (D:5)
  3 quokkas
  5 frilled lizards
  18 kobolds
  9 rats
317 creatures vanquished.

Vanquished Creatures (collateral kills)
  A steam dragon (D:8)
  A wraith (D:10)
  3 ice beasts
  An ogre (D:4)
  A scorpion (D:5)
  2 gnolls (D:5)
  A dart slug (D:1)
  7 orcs
  An endoplasm (D:2)
  A rat (D:1)
19 creatures vanquished.

Vanquished Creatures (others)
  An acid dragon (D:10)
  An orc warrior (D:10)
  A plant (D:5)
3 creatures vanquished.

Grand Total: 339 creatures vanquished

Notes
Turn   | Place    | Note
-------+----------+-------------------------------------------
     0 | D:1      | mopl the Octopode Hedge Wizard began the quest for the Orb.
     0 | D:1      | Reached XP level 1. HP: 11/11 MP: 4/4
   162 | D:1      | Reached XP level 2. HP: 12/17 MP: 6/6
   178 | D:1      | Learned a level 2 spell: Blink
   181 | D:1      | Learned a level 2 spell: Call Imp
   377 | D:1      | Reached XP level 3. HP: 21/21 MP: 1/7
   491 | D:1      | Learned a level 3 spell: Mephitic Cloud
   523 | D:1      | Reached skill level 2 in Conjurations
  1172 | D:2      | Reached XP level 4. HP: 22/27 MP: 7/9
  1291 | D:2      | Reached skill level 1 in Poison Magic
  1870 | D:3      | Reached XP level 5. HP: 21/31 MP: 10/10
  1925 | D:3      | Found a shadowy altar of Dithmenos.
  2255 | D:3      | Reached skill level 2 in Summonings
  2255 | D:3      | Reached skill level 1 in Air Magic
  2418 | D:4      | Found Okhud's Weapon Shop.
  2499 | D:4      | Reached skill level 4 in Spellcasting
  2499 | D:4      | Reached skill level 3 in Conjurations
  2499 | D:4      | Reached skill level 2 in Translocations
  2499 | D:4      | Reached XP level 6. HP: 29/36 MP: 10/12
  2552 | D:4      | Reached skill level 2 in Poison Magic
  3034 | D:4      | Reached XP level 7. HP: 35/41 MP: 13/13
  3596 | D:5      | Entered Level 5 of the Dungeon
  3632 | D:5      | Found an iron altar of Okawaru.
  3632 | D:5      | Found a faded altar of an unknown god.
  3640 | D:5      | Found a glowing golden altar of the Shining One.
  3642 | D:5      | Found a hazy altar of Hepliaklqana.
  3643 | D:5      | Found a faded altar of an unknown god.
  3666 | D:5      | Reached skill level 2 in Air Magic
  3679 | D:5      | Learned a level 5 spell: Irradiate
  3783 | D:5      | Reached skill level 4 in Conjurations
  4089 | D:5      | Found a stormy altar of Qazlal.
  4105 | D:5      | Reached skill level 3 in Poison Magic
  4112 | D:5      | Reached skill level 5 in Spellcasting
  4112 | D:5      | Reached skill level 3 in Summonings
  4116 | D:5      | Reached skill level 1 in Transmutations
  4130 | D:5      | Reached skill level 3 in Translocations
  4332 | D:5      | Reached XP level 8. HP: 14/46 MP: 4/15
  4457 | D:5      | Found Visoblaet's Distillery.
  4470 | D:5      | Bought 2 potions of invisibility for 176 gold pieces
  4470 | D:5      | Bought a potion of curing for 33 gold pieces
  4470 | D:5      | Bought a potion of curing for 33 gold pieces
  4712 | D:5      | Reached skill level 5 in Conjurations
  4882 | D:5      | Reached skill level 2 in Transmutations
  5098 | D:5      | You fall into a shaft and drop 3 floors!
  5241 | D:8      | Reached skill level 6 in Spellcasting
  5430 | D:8      | Reached skill level 6 in Conjurations
  5450 | D:8      | Reached skill level 3 in Transmutations
  5664 | D:8      | Reached XP level 9. HP: 51/51 MP: 12/18
  6250 | D:6      | Reached skill level 7 in Spellcasting
  6362 | D:6      | Noticed a hornet
  6375 | D:6      | Killed a hornet
  6376 | D:6      | Reached skill level 7 in Conjurations
  6415 | D:6      | Found a staircase to the Ecumenical Temple.
  6424 | Temple   | Entered the Ecumenical Temple
  6440 | Temple   | Became a worshipper of Vehumet
  6586 | D:6      | Reached skill level 4 in Transmutations
  6648 | D:6      | Found a runed translucent door.
  6719 | D:6      | Found an opulent altar of Gozag.
  7133 | D:6      | Reached skill level 1 in Shields
  7438 | D:7      | Reached skill level 1 in Fighting
  7442 | D:7      | Found a broken altar of Ashenzari.
  7442 | D:7      | Found an ornate altar of the Wu Jian Council.
  7443 | D:7      | Found a sacrificial altar of Ru.
  7752 | D:7      | Found Cieni's Antique Weapon Shoppe.
  7832 | D:7      | Reached * piety under Vehumet
  7832 | D:7      | Offered knowledge of Sandblast by Vehumet.
  7965 | D:7      | Reached skill level 2 in Shields
  8224 | D:7      | Reached XP level 10. HP: 52/60 MP: 21/21
  8248 | D:7      | Learned a level 4 spell: Airstrike
  8282 | D:7      | Found Fuqi Mysk's Specific Store.
  8284 | D:7      | Found Bimu's General Store.
  8288 | D:7      | Bought a scroll of poison for 60 gold pieces
  8668 | D:8      | Reached skill level 2 in Fighting
  8668 | D:8      | Reached skill level 3 in Shields
  8668 | D:8      | Reached skill level 8 in Conjurations
  8975 | D:9      | Reached skill level 4 in Poison Magic
  8976 | D:9      | Reached skill level 3 in Dodging
  8980 | D:9      | Reached skill level 1 in Evocations
  9082 | D:9      | Noticed Joseph
  9083 | D:9      | Identified the +0 scale mail of Pride {Str+5 Stlth+}
  9446 | D:9      | Killed Joseph
  9447 | D:9      | Reached skill level 4 in Shields
  9447 | D:9      | Reached skill level 5 in Transmutations
  9447 | D:9      | Reached skill level 2 in Evocations
  9559 | D:9      | Reached skill level 3 in Air Magic
  9864 | D:9      | Reached skill level 3 in Fighting
 10033 | D:10     | Entered Level 10 of the Dungeon
 10043 | D:10     | Found a staircase to the Lair.
 10043 | D:10     | Noticed an elephant
 10156 | D:10     | Offered knowledge of Static Discharge by Vehumet.
 10176 | D:9      | Reached skill level 8 in Spellcasting
 10329 | D:10     | Found a staircase to the Orcish Mines.
 10361 | D:10     | Killed an elephant
 10361 | D:10     | Reached ** piety under Vehumet
 10362 | D:10     | Reached XP level 11. HP: 55/67 MP: 23/23
 10386 | D:10     | Reached skill level 4 in Dodging
 10386 | D:10     | Reached skill level 5 in Shields
 10459 | D:10     | Reached skill level 9 in Conjurations
 10530 | D:10     | Noticed an orc knight
 10754 | D:10     | Noticed a manticore
 10784 | D:10     | Killed a manticore
 10785 | D:10     | Reached skill level 3 in Evocations
 11193 | D:10     | Killed an orc knight
 11337 | D:10     | Slain by a troll

Illustrated notes

Levels and vault maps discovered:
D:1:      psy_arrival_radial01, layout_loops_corners
D:2:      layout_basic, grunt_ministairs_13, skrybe_limestone_x, minmay_circle_x
D:3:      layout_loops_ring, lemuel_tele_altar
D:4:      layout_basic, serial_shops, nicolae_shop_bloodbath_and_beyond
D:5:      lemuel_castle_with_subvaults [lemuel_castle_interior_carwin_1],
          layout_loops_ring, chequers_temple_overflow_minitemple,
          nicolae_qazlal_general_emergency, serial_shops, shop
D:6:      layout_loops_ring, mainiacjoe_overflow_tiny_flanked,
          minmay_temple_entry_waves, lightli_church_of_beogh
D:7:      layout_basic, chequers_temple_overflow_statue_of_worship,
          serial_shops, kennysheep_mini_moat, nicolae_specific_store
D:8:      layout_gridville, serial_rivers, chequers_serial_rivers_large_b,
          chequers_serial_rivers_micro_b, chequers_serial_rivers_large_a,
          chequers_serial_rivers_marsh
D:9:      layout_rooms, uniq_joseph
D:10:     minmay_the_grid_triangle_9x9_rhombus_thin_mashed
          [minmay_the_grid_triangle_9x9_zippers_vertical,
          minmay_the_grid_triangle_9x9_prize_insulated,
          minmay_the_grid_triangle_9x9_descending_squares,
          minmay_the_grid_triangle_9x9_steps], layout_rooms, david_lair_generic,
          david_orc_5
Temple:   compressed_dpeg_triangle_lava_temple

Skill      XL: |  1  2  3  4  5  6  7  8  9 10 11 |
---------------+----------------------------------+-----
Conjurations   | 2 3 4 6 7 8 9 |  9.2
Poison Magic   | 1 2 3 4 |  4.0
Summonings     | 2 3 |  3.0
Air Magic      | 1 2 3 |  3.9
Spellcasting   | 4 5 6 7 8 |  8.2
Translocations | 2 3 |  3.0
Transmutations | 1 3 4 5 |  5.0
Shields        | 2 4 5 |  5.4
Fighting       | 1 3 |  3.7
Dodging        | 3 4 |  4.2
Evocations     | 2 3 |  3.2
Stealth        | |  2.6

Action                   |  1- 3 |  4- 6 |  7- 9 | 10-12 || total
-------------------------+-------+-------+-------+-------++-------
Melee: Dagger            |    89 |   123 |   334 |   187 ||   733
       Tentacles         |    22 |    31 |    95 |    54 ||   202
       Constrict         |    20 |    27 |    80 |    41 ||   168
       Punch             |       |     2 |    12 |     3 ||    17
 Cast: Magic Dart        |     4 |     1 |    59 |    37 ||   101
       Call Imp          |     2 |     6 |    10 |     7 ||    25
       Mephitic Cloud    |       |     2 |    37 |    56 ||    95
       Blink             |       |       |     5 |     1 ||     6
Evoke: Wand              |       |       |       |     2 ||     2
       Condenser vane    |       |       |       |     1 ||     1
  Use: Scroll            |       |     5 |     3 |     1 ||     9
       Potion            |       |       |     1 |       ||     1
 Stab: Sleeping          |    11 |    15 |    12 |     2 ||    40
       Confused          |       |       |    15 |    24 ||    39
       Distracted        |       |       |       |     1 ||     1
Armor: Skin              |    11 |    14 |    10 |     2 ||    37
Dodge: Dodged            |    65 |    62 |   170 |    72 ||   369
Block: Kite shield       |       |       |    23 |   114 ||   137

Table legend: (Time is in decaauts)
 A = Elapsed time spent in this place.
 B = Non-inter-level travel time spent in this place.
 C = Inter-level travel time spent in this place.
 D = Time resting spent in this place.
 E = Time spent auto-exploring this place.
 F = Levels seen in this place.
 G = Mean time per level.
                   A        B        C        D        E       F      G
               +--------+--------+--------+--------+--------+-----+--------+
         Total |  11398 |  11045 |    353 |   3473 |   4691 |  11 | 1036.2 |
       Dungeon |  11025 |  10672 |    353 |   3150 |   4691 |  10 | 1102.5 |
        Temple |    372 |    372 |      0 |    323 |      0 |   1 |  372.0 |
               +--------+--------+--------+--------+--------+-----+--------+

Top non-repeatable levels by time:
     D:8: 1549 daAuts
     D:5: 1501 daAuts
     D:7: 1211 daAuts
     D:4: 1179 daAuts
     D:6: 1092 daAuts
     D:1: 1091 daAuts
     D:9: 1064 daAuts
    D:10: 1010 daAuts
     D:3: 702 daAuts
     D:2: 622 daAuts
  Temple: 372 daAuts
